 Dungeon Crawl Stone Soup version 0.21.1-1-g345015fe64 (console) character file.

15205 Kloppie the Basher (level 11, -16/99 HPs)
             Began as a Grey Draconian Berserker on Mar 3, 2018.
             Was a High Priest of Trog.
             Demolished by a swamp worm (20 damage)
             ... on level 2 of the Lair of Beasts.
             The game lasted 00:17:41 (11160 turns).

Kloppie the Basher (Grey Draconian Berserker)      Turns: 11160, Time: 00:17:41

Health: -16/99     AC: 16    Str: 15    XL:     11   Next: 98%
Magic:  11/11      EV: 17    Int:  8    God:    Trog [*****.]
Gold:   615        SH: 10    Dex: 16    Spells: 10/10 levels left

rFire    . . .     SeeInvis .   a - +10 mace {crush, rN+ Str-5 Dex+3}
rCold    . . .     Gourm    .   e - +0 buckler
rNeg     + . .     Faith    .   (armour unavailable)
rPois    .         Spirit   .   Q - +1 hat
rElec    .         Reflect  +   (no cloak)
rCorr    .         Harm     .   (no gloves)
MR       +++..                  F - +0 pair of boots
Stlth    +.........             v - +4 amulet of reflection
HPRegen  1.26/turn              p - ring of protection from magic
MPRegen  0.12/turn              l - +2 ring of protection

@: berserk cooldown, regenerating, slowed, very slow
A: walk through water, unfitting armour, unbreathing, cold-blooded, AC +12
a: Berserk, Trog's Hand, Brothers in Arms, Burn Spellbooks, Renounce Religion


You were on level 2 of the Lair of Beasts.
You worshipped Trog.
Trog was extremely pleased with you.
You were not hungry.

You visited 2 branches of the dungeon, and saw 12 of its levels.

You collected 615 gold pieces.

Inventory:

Hand Weapons
 a - the +10 mace of Kughoecs (weapon) {crush, rN+ Str-5 Dex+3}
   (You found it on level 9 of the Dungeon)

   It inflicts extra damage upon your enemies.
   It affects your strength (-5).
   It affects your dexterity (+3).
   It protects you from negative energy.
 P - a +1 morningstar of protection
Armour
 e - a +0 buckler (worn)
 t - a +0 shield
 F - a +0 pair of boots (worn)
 Q - a +1 hat (worn)
Jewellery
 l - a +2 ring of protection (right hand)
 p - a ring of protection from magic (left hand)
 s - an uncursed ring of stealth
 v - a +4 amulet of reflection (around neck)
 w - an uncursed ring of magical power
 C - an uncursed ring of fire
 M - an uncursed ring of magical power
Wands
 n - a wand of enslavement (17)
 B - a wand of polymorph (65)
 G - a wand of disintegration (8)
 H - a wand of paralysis (21)
 I - a wand of random effects (33)
Scrolls
 c - 13 scrolls of remove curse
 m - a scroll of holy word
 q - 3 scrolls of magic mapping
 x - 4 scrolls of teleportation
 y - 3 scrolls of enchant armour
 D - a scroll of blinking
 E - a scroll of enchant weapon
 K - 2 scrolls of identify
 L - a scroll of fog
Potions
 f - a potion of haste
 g - 2 potions of mutation
 h - a potion of agility
 i - 6 potions of curing
 j - 3 potions of cancellation
 o - 2 potions of brilliance
 r - 2 potions of lignification
 z - 4 potions of flight
 A - 2 potions of resistance
 J - 2 potions of magic
 N - a potion of invisibility
 O - 4 potions of might
Comestibles
 b - 17 rations
 d - 3 chunks of flesh


   Skills:
 - Level 10.1 Fighting
 + Level 13.7 Maces & Flails
 - Level 7.1 Dodging
 + Level 8.2 Shields


You had 10 spell levels left.
You didn't know any spells.

Dungeon Overview and Level Annotations

Branches:
Dungeon (10/15)            Temple (0/1) D:4            Lair (2/6) D:10
  Swamp (0/4) Lair:2          Orc (0/2) D:10
  Snake: Lair:2-4    Spider: Lair:2-4

Altars:
Ashenzari
Dithmenos
Elyvilon
Fedhas
Gozag
Kikubaaqudgha
Makhleb
Nemelex Xobeh
Sif Muna
Trog
Wu Jian
Yredelemnul
The Shining One

Shops:
D:4 %   D:9 }

Annotations:
Lair:1 exclusion: 2 oklob plants


Innate Abilities, Weirdness & Mutations

You can walk through water.
Your dull iron-grey scales are very hard. (AC +12)
You cannot fit into any form of body armour.
You can survive without breathing.
You are cold-blooded and may be slowed by cold attacks.


Message History

You feel a strong urge to attack something.
You feel your anger nearly subside.
You are no longer berserk.
You are exhausted.
You feel yourself slow down.
A swamp worm bursts forth from the water.
You block the swamp worm's attack. The swamp worm bites you!!
* * * LOW HITPOINT WARNING * * *
The electric eel shoots out a bolt of lightning at you!
The bolt of electricity misses you. The swamp worm barely misses you.
You block the swamp worm's attack.
You thump the electric eel!
You kill the electric eel!
Trog accepts your kill.
You hear a splash.
The swamp worm closely misses you.
Your skin crawls.
You feel resistant to hostile enchantments.
You feel somewhat more hungry. The swamp worm closely misses you.
The swamp worm bites you!!
You die...

##..#.##.......#####.####..#####.
.................................
#.P.##...##.#..##P#..#....####P.#
#######.#####..#######.#.######.#
#.###.#.♣ ♣...# ##.####.⌠..#.
.......♣♣ ♣♣♣♣# #..# #.....##
..♣♣♣♣♣♣♣♣♣♣♣♣♣♣♣♣♣ #..# #⌠.>.⌠#
♣♣♣≈≈≈≈≈♣≈≈≈♣§§§w§♣♣#..###....[##
.........♣...§§§@†♣♣....##....###
...♣.♣.♣...♣.♣§§§§♣♣......##+.#..
♣♣♣≈≈≈≈♣≈≈≈≈♣≈≈≈≈≈♣♣♣#..##.....##
..♣♣♣♣♣♣♣♣♣♣♣♣♣♣♣♣♣ #..#...⌠...#
.......♣♣♣♣♣♣♣♣# ######.........
P##.##.........## #.###..⌠..>..⌠.
###.##..........####.............
#...........................⌠....
.......................†.#.......


You could see a swamp worm.

Vanquished Creatures
  Gastronok (Lair:2)
  Erolcha (D:9)
  2 two-headed ogres
  3 spiny frogs (Lair:1)
  A komodo dragon (Lair:2)
  A rime drake (Lair:2)
  2 trolls
  Grinder (D:6)
  2 hippogriffs
  A wyvern (Lair:2)
  14 yaks
  Eustachio (D:6)
  A vampire (D:9)
  A hungry ghost (D:7)
  A steam dragon (D:9)
  2 swamp worms (Lair:2)
  Duvessa (D:6)
  5 water moccasins
  A phantom (D:9)
  A sky beast (D:7)
  3 black bears
  11 orc warriors
  2 ice beasts
  5 ogres
  A centaur (D:7)
  3 crocodiles
  The ghost of error the Stinger, an amateur OpVM (D:3)
  2 big kobolds (D:10)
  2 gnoll sergeants (D:10)
  4 bullfrogs
  Dowan (D:6)
  2 scorpions
  4 killer bees (D:10)
  An electric eel (Lair:2)
  11 wights
  5 howler monkeys
  5 crimson imps
  A bullfrog zombie (D:7)
  3 centaur zombies
  4 hounds
  3 jellies
  5 orc priests
  4 bullfrog skeletons
  10 orc wizards
  2 centaur skeletons
  2 iguanas
  3 iron imps (D:9)
  6 worker ants
  A hound zombie (D:5)
  A hound skeleton (D:4)
  A howler monkey zombie (D:8)
  Robin (D:4)
  10 gnolls
  5 adders
  A shadow imp (D:9)
  2 oozes
  An adder skeleton (D:7)
  A dart slug (D:1)
  4 leopard geckos
  36 orcs
  A ball python (D:3)
  3 bats
  10 giant cockroaches
  18 goblins
  4 hobgoblins
  27 jackals
  5 quokkas
  8 frilled lizards
  A jackal skeleton (D:8)
  14 kobolds
  A leopard gecko skeleton (D:6)
  A quokka zombie (D:5)
  9 rats
315 creatures vanquished.

Vanquished Creatures (others)
  A centaur (D:8)
1 creature vanquished.

Grand Total: 316 creatures vanquished

Notes
Turn   | Place    | Note
-------+----------+-------------------------------------------
     0 | D:1      | Kloppie the Draconian Berserker began the quest for the Orb.
     0 | D:1      | Reached XP level 1. HP: 19/19 MP: 1/1
    63 | D:1      | Reached XP level 2. HP: 18/26 MP: 2/2
   379 | D:1      | Reached XP level 3. HP: 28/33 MP: 3/3
   408 | D:1      | Reached ** piety under Trog
  1169 | D:2      | Reached skill level 4 in Maces & Flails
  1455 | D:2      | Found a glowing golden altar of the Shining One.
  1488 | D:2      | Reached XP level 4. HP: 32/41 MP: 4/4
  1809 | D:3      | Noticed error's ghost (amateur OpVM)
  1832 | D:3      | Killed error's ghost
  1832 | D:3      | Reached skill level 5 in Fighting
  1832 | D:3      | Reached XP level 5. HP: 48/48 MP: 5/5
  2208 | D:3      | Reached skill level 5 in Maces & Flails
  2492 | D:4      | Reached XP level 6. HP: 40/57 MP: 6/6
  2751 | D:4      | Noticed Robin
  2778 | D:4      | Killed Robin
  2782 | D:4      | Reached *** piety under Trog
  2818 | D:4      | Found Geneczocs's Food Emporium.
  2971 | D:4      | Found a white marble altar of Elyvilon.
  3187 | D:4      | Found a basalt altar of Yredelemnul.
  3272 | D:4      | Found a staircase to the Ecumenical Temple.
  3310 | D:4      | Found a blossoming altar of Fedhas.
  3358 | D:5      | Entered Level 5 of the Dungeon
  3401 | D:5      | Noticed an orc warrior
  3402 | D:5      | Noticed an ice beast
  3416 | D:5      | Killed an orc warrior
  3427 | D:5      | Killed an ice beast
  3427 | D:5      | Reached skill level 6 in Maces & Flails
  3427 | D:5      | Your scales start taking on a dull iron-grey colour.
  3427 | D:5      | Reached XP level 7. HP: 64/64 MP: 7/7
  3427 | D:5      | Gained mutation: You can survive without breathing. [Grey Draconian growth]
  4109 | D:5      | Found an opulent altar of Gozag.
  4109 | D:5      | Found an ornate altar of the Wu Jian Council.
  4110 | D:5      | Found a shattered altar of Ashenzari.
  4211 | D:6      | Noticed Grinder
  4219 | D:6      | Killed Grinder
  4219 | D:6      | Reached skill level 7 in Maces & Flails
  4367 | D:6      | Reached XP level 8. HP: 73/74 MP: 8/8
  4715 | D:6      | Noticed Dowan
  4718 | D:6      | Noticed Duvessa
  4739 | D:6      | Killed Duvessa
  4739 | D:6      | Reached skill level 8 in Maces & Flails
  4741 | D:6      | Killed Dowan
  4900 | D:6      | Noticed Eustachio
  4939 | D:6      | Killed Eustachio
  5294 | D:7      | Found an ancient bone altar of Kikubaaqudgha.
  5332 | D:7      | Found a shadowy altar of Dithmenos.
  5409 | D:7      | Found a sparkling altar of Nemelex Xobeh.
  5409 | D:7      | Found a deep blue altar of Sif Muna.
  5449 | D:7      | Noticed a hippogriff
  5458 | D:7      | Killed a hippogriff
  5458 | D:7      | Reached skill level 9 in Maces & Flails
  5458 | D:7      | Reached XP level 9. HP: 59/85 MP: 9/9
  5491 | D:7      | Reached skill level 10 in Fighting
  5635 | D:7      | Found an ancient bone altar of Kikubaaqudgha.
  5755 | D:7      | Reached **** piety under Trog
  5853 | D:7      | Found a bloodstained altar of Trog.
  6292 | D:8      | Reached skill level 10 in Maces & Flails
  6703 | D:8      | Reached ***** piety under Trog
  6703 | D:8      | Reached skill level 5 in Dodging
  7090 | D:9      | Noticed Erolcha
  7090 | D:9      | Paralysed by Erolcha for 2 turns
  7100 | D:9      | Killed Erolcha
  7100 | D:9      | Reached XP level 10. HP: 93/93 MP: 10/10
  7185 | D:9      | Noticed a two-headed ogre
  7190 | D:9      | Noticed a two-headed ogre
  7206 | D:8      | Killed a two-headed ogre
  7206 | D:8      | Reached skill level 11 in Maces & Flails
  7534 | D:9      | Got a dazzling mace
  7535 | D:9      | Identified the +10 mace of Kughoecs {crush, rN+ Str-5 Dex+3} (You found it on level 9 of the Dungeon)
  7989 | D:9      | Killed a two-headed ogre
  8054 | D:9      | Reached skill level 1 in Shields
  8067 | D:9      | Received a gift from Trog
  8109 | D:9      | Found Corug's Gadget Shop.
  8159 | D:9      | Reached skill level 12 in Maces & Flails
  8388 | D:9      | Found a burning altar of Makhleb.
  8526 | D:10     | Entered Level 10 of the Dungeon
  8538 | D:10     | Found a staircase to the Lair.
  8558 | D:10     | Reached XP level 11. HP: 81/99 MP: 11/11
  8633 | D:10     | Paralysed by a kobold for 6 turns
  9003 | D:10     | Reached skill level 5 in Shields
  9215 | D:10     | Found a staircase to the Orcish Mines.
  9384 | Lair:1   | Entered Level 1 of the Lair of Beasts
  9425 | Lair:1   | Noticed an oklob plant
  9425 | Lair:1   | Noticed an oklob plant
  9808 | Lair:1   | Reached skill level 13 in Maces & Flails
 10408 | Lair:2   | Noticed Gastronok
 10421 | Lair:2   | Killed Gastronok
 11147 | Lair:2   | Found a staircase to the Swamp.
 11157 | Lair:2   | HP: 1/99 [swamp worm (21)]
 11160 | Lair:2   | Demolished by a swamp worm

Skill      XL: |  1  2  3  4  5  6  7  8  9 10 11 |
---------------+----------------------------------+-----
Fighting       | 4 5 6 7 9 10 | 10.1
Maces & Flails | 4 5 6 7 9 10 12 13 | 13.7
Dodging        | 5 7 |  7.1
Shields        | 3 8 |  8.2

Action                   |  1- 3 |  4- 6 |  7- 9 | 10-12 || total
-------------------------+-------+-------+-------+-------++-------
Melee: Mace              |   153 |   167 |   279 |   363 ||   962
       Tailslap          |    10 |    28 |    72 |    64 ||   174
       Flail             |       |       |   171 |     9 ||   180
Invok: Berserk           |     2 |     4 |     7 |     6 ||    19
       Trog's Hand       |     1 |     2 |     2 |     1 ||     6
  Use: Scroll            |       |     9 |     9 |     8 ||    26
       Potion            |       |       |       |     1 ||     1
 Stab: Sleeping          |       |     3 |       |     1 ||     4
       Distracted        |       |       |       |     1 ||     1
  Eat: Chunk             |     5 |     9 |    13 |    14 ||    41
       Ration            |       |       |     2 |     2 ||     4
Armor: Skin              |    84 |    50 |   162 |    82 ||   378
Dodge: Dodged            |   207 |   120 |   234 |   238 ||   799
Block: Other             |       |     4 |    70 |    29 ||   103
       Reflection        |       |       |     2 |       ||     2
       Buckler           |       |       |       |    79 ||    79
